 Dungeon Crawl Stone Soup version 0.20.1-1-g8b1a95d (webtiles) character file.

499 Wraith the Ruffian (level 6, -1/54 HPs)
             Began as a Troll Berserker on Sept 10, 2017.
             Was a Believer of Trog.
             Killed from afar by an orc wizard (8 damage)
             ... with a magic dart
             ... on level 9 of the Dungeon.
             The game lasted 00:16:17 (1279 turns).

Wraith the Ruffian (Troll Berserker)                Turns: 1279, Time: 00:16:18

Health: -1/54      AC:  5    Str: 28    XL:     6   Next: 94%
Magic:  5/5        EV: 11    Int:  3    God:    Trog [**....]
Gold:   45         SH:  0    Dex:  7    Spells: 5/5 levels left

rFire    . . .     SeeInvis .     - Unarmed
rCold    . . .     Gourm    +   (no shield)
rNeg     . . .     Faith    .   a - +0 animal skin
rPois    .         Spirit   .   (helmet restricted)
rElec    .         Reflect  .   (no cloak)
rCorr    .         Harm     .   (gloves unavailable)
MR       .....                  (boots unavailable)
Stlth    +.........             b - amulet of rage
Regen    0.6/turn               (no ring)
MPRegen  0.1/turn               (no ring)

@: lethally poisoned (-1 -> -2)
A: unfitting armour, claws 3, blurry vision 1, clumsy 1, fast metabolism 3,
frail 1, gourmand, regeneration 1, shaggy fur 1, tough skin 2
a: Berserk, Trog's Hand, Burn Spellbooks, Renounce Religion, Evoke Berserk Rage


You were on level 9 of the Dungeon.
You worshipped Trog.
Trog was pleased with you.
You were not hungry.

You visited 1 branch of the dungeon, and saw 9 of its levels.

You collected 45 gold pieces.

Inventory:

Armour
 a - a +0 animal skin (worn)
 i - a +1 scale mail of poison resistance
Jewellery
 b - an amulet of rage (around neck)
Wands
 e - a wand of random effects (33/48)
Scrolls
 d - 3 scrolls of teleportation {unknown}
 f - a scroll of fear {unknown}
 j - a scroll of blinking {unknown}
Potions
 c - a potion of heal wounds {unknown}
 g - a potion of haste {unknown}
Comestibles
 h - 5 chunks of flesh


   Skills:
 + Level 3.2 Fighting
 + Level 4.2 Dodging
 + Level 0.9 Stealth
 + Level 5.9 Unarmed Combat


You had 5 spell levels left.
You didn't know any spells.

Dungeon Overview and Level Annotations

Branches:
Dungeon (9/15)             Temple (0/1) D:6
   Lair: D:8-11         Orc: D:9-12

Altars:
Ashenzari

Shops:
D:8 :


Innate Abilities, Weirdness & Mutations

You are too large for most types of armour.
You have claws for hands.
Your metabolism is lightning-fast.
You like to eat raw meat.
Your natural rate of healing is unusually fast.
You are covered in fur. (AC +1)
You have very tough skin. (AC +2)
Scrolls take you a little longer to read.
You are clumsy. (Dex -2)
You are frail. (-10% HP)


Message History

The orc wizard hits you with a dagger.
* * * LOW HITPOINT WARNING * * *
The orc wizard hits you with a dagger.
* * * LOW HITPOINT WARNING * * *
You closely miss the orc wizard.
The orc wizard is lightly wounded.
You feel sick. The orc wizard completely misses you.
You claw the orc wizard!
The orc wizard is heavily wounded.
The orc wizard mumbles some strange words.
The orc wizard blinks!
The orc wizard mumbles some strange words.
The orc wizard seems to speed up.
You feel sick.
The orc wizard casts a spell.
The orc wizard blinks!
You feel yourself speed up.
The orc wizard points at you and mumbles some strange words.
The magic dart hits you!
You die...

..##.......#
#.##.......#
#.##.......#
#.##.......#
#.##.^.....#
#.##.......#
#.##.......# ####
#..(.......#
##....#@.#.......#
......#o##.......#
........##.......#
......#.##?......#
##..[.#.##.......#
#### #.##.####..#
#.##.# .!# #.##.#
.# ..##.# #


You could see an orc wizard.

Vanquished Creatures
  An orc warrior (D:9)
  A sky beast (D:8)
  A bullfrog (D:9)
  2 hounds
  A jelly (D:6)
  An iguana (D:9)
  Ijyb (D:3)
  2 hound zombies
  3 gnolls (D:4)
  3 adders
  2 worms
  2 orcs (D:9)
  3 bats
  2 giant cockroaches
  A goblin (D:2)
  2 hobgoblins (D:2)
  2 kobolds
  2 quokka skeletons
  2 rats (D:3)
34 creatures vanquished.

Notes
Turn   | Place    | Note
-------+----------+-------------------------------------------
     0 | D:1      | Wraith the Troll Berserker began the quest for the Orb.
     0 | D:1      | Reached XP level 1. HP: 22/22 MP: 0/0
   136 | D:2      | Reached XP level 2. HP: 21/29 MP: 1/1
   257 | D:3      | Noticed Ijyb
   269 | D:3      | Killed Ijyb
   269 | D:3      | Reached XP level 3. HP: 29/36 MP: 2/2
   483 | D:4      | Reached XP level 4. HP: 44/44 MP: 3/3
   504 | D:5      | Entered Level 5 of the Dungeon
   517 | D:5      | Reached skill level 4 in Unarmed Combat
   696 | D:6      | Reached XP level 5. HP: 52/52 MP: 4/4
   762 | D:6      | Found a shattered altar of Ashenzari.
   774 | D:6      | Found a staircase to the Ecumenical Temple.
   784 | D:6      | Reached ** piety under Trog
   881 | D:7      | Noticed an ogre
  1063 | D:8      | Noticed a sky beast
  1072 | D:8      | Killed a sky beast
  1072 | D:8      | Reached skill level 5 in Unarmed Combat
  1072 | D:8      | Reached XP level 6. HP: 53/61 MP: 5/5
  1103 | D:8      | Gained mutation: You are frail. (-10% HP) [mutagenic meat]
  1104 | D:8      | Gained mutation: Scrolls take you a little longer to read. [mutagenic meat]
  1107 | D:8      | Gained mutation: You are clumsy. (Dex -2) [mutagenic meat]
  1114 | D:8      | Found Dyumoyng's Book Emporium.
  1143 | D:9      | Noticed an orc warrior
  1153 | D:9      | Killed an orc warrior
  1279 | D:9      | Killed from afar by an orc wizard

Skill      XL: |  1  2  3  4  5  6 |
---------------+-------------------+-----
Dodging        | 3 4 |  4.2
Unarmed Combat | 4 5 |  5.9
Fighting       | 3 |  3.2
Stealth        | |  0.9

Action                   |  1- 3 |  4- 6 || total
-------------------------+-------+-------++-------
Melee: Unarmed           |    51 |    88 ||   139
       Punch             |     1 |     1 ||     2
Invok: Berserk           |     2 |     1 ||     3
       Trog's Hand       |       |     1 ||     1
  Eat: Bread ration      |     1 |     1 ||     2
       Chunk             |     1 |     7 ||     8
Armor: Animal skin       |    23 |    26 ||    49
Dodge: Dodged            |    48 |    47 ||    95
